Map: Dusk Towers

Players

Grapefruit - Winner!

  • Race: Terran Terran
  • League: Master

seolhyun

  • Race: Zerg Zerg
  • League: Master

VOD

Have the link to the VOD?

Description

Time

  • Played on: Feb. 16, 2016, 9:23 a.m.
  • Length: 10:38
Show
View Real Time Build Order
Export as new Build Order

Grapefruit Terran - Winner!

Build Orders: Reaper Expand, Mech 

Get SALT Encoding   

  12  0:00  SCV  
  13  0:12  SCV  
  14  0:17  Supply Depot  
  14  0:24  SCV  
  15  0:39  SCV  
  15  0:41  Barracks  
  16  0:44  Refinery  
  16  0:51  SCV  
  17  1:03  SCV  
  18  1:15  SCV  
  19  1:28  Orbital Command  
  19  1:29  Reaper  
  20  1:42  Command Center  
  20  1:57  Supply Depot, SCV  
  21  2:01  Reaper  
  21  2:03  Refinery  
  22  2:09  SCV  
  23  2:21  SCV  
  24  2:23  Factory  
  24  2:33  SCV  
  25  2:39  Barracks Reactor  
  25  2:45  SCV  
  26  2:55  Orbital Command  
  26  2:57  SCV  
  27  3:03  Command Center  
  27  3:09  SCV  
  28  3:14  Starport  
  28  3:21  SCV x2  
  30  3:28  Barracks Tech Lab  
  30  3:33  SCV x2  
  32  3:39  Hellion x2  
  36  3:45  SCV  
  36  3:46  SCV  
  38  3:57  SCV  
  38  3:58  SCV, Banshee  
  43  4:05  Hellion  
  43  4:09  SCV  
  46  4:15  Hellion, SCV  
  49  4:20  Armory  
  49  4:21  Armory, SCV  
  50  4:25  Refinery  
  50  4:26  Refinery  
  50  4:27  SCV  
  51  4:33  SCV  
  51  4:37  Orbital Command  
  52  4:39  SCV  
  52  4:40  Hellion  
  56  4:45  SCV  
  56  4:51  SCV  
  57  4:57  SCV  
  57  4:59  Supply Depot x2  
  58  5:03  SCV x2  
  60  5:09  SCV  
  60  5:10  Terran Vehicle Weapons Level 1  
  60  5:12  Terran Vehicle And Ship Armor Level 1  
  61  5:18  Factory x2  
  61  5:20  SCV x2, Banshee  
  66  5:22  SCV  
  67  5:32  Hellion x2, SCV x2  
  67  5:34  SCV  
  74  5:44  SCV x2  
  74  5:46  SCV  
  77  5:55  Supply Depot  
  77  5:56  Supply Depot x2  
  77  5:57  Supply Depot  
  77  6:00  Refinery  
  77  6:01  Liberator x2, Refinery  
  77  6:03  Factory Reactor, Factory Tech Lab  
  77  6:06  Factory  
  77  6:07  Factory  
  77  6:17  SCV x3  
  86  6:23  Engineering Bay  
  86  6:25  Thor  
  86  6:29  SCV x3  
  95  6:36  Supply Depot  
  95  6:39  Supply Depot  
  95  6:41  SCV x3  
  95  6:43  Supply Depot  
  95  6:45  Supply Depot  
  95  6:46  Hellion x2  
  102  6:49  Liberator x2, Siege Tank  
  102  6:51  Factory Reactor, Factory Tech Lab  
  102  6:53  SCV x3  
  108  7:05  SCV x3  
  117  7:09  Terran Vehicle Weapons Level 2  
  117  7:16  Hellion x2, Supply Depot  
  117  7:17  Supply Depot x2, SCV x2  
  123  7:23  Terran Vehicle And Ship Armor Level 2  
  123  7:29  Siege Tank  
  126  7:30  Hellion x2  
  126  7:35  Liberator  
  126  7:36  Siege Tank  
  133  7:38  Hellion x2  
  137  7:47  Supply Depot  
  137  7:51  Hellion, Siege Tank  
  137  7:52  Hellion  
  147  8:00  Hellion  
  147  8:01  Siege Tank  
  147  8:02  Hellion  
  154  8:08  Supply Depot x2  
  154  8:10  Supply Depot  
  154  8:14  Siege Tank  
  154  8:15  Liberator, Hellion x2  
  161  8:21  Hellion  
  161  8:23  Siege Tank  
  161  8:24  Hellion  
  161  8:26  Supply Depot  
  168  8:33  Siege Tank  
  174  8:36  Hellion x2  
  178  8:42  Hellion  
  178  8:45  Hellion, Supply Depot  
  182  8:49  Supply Depot  
  182  8:51  Thor  
  188  8:58  Hellion x2  
  188  9:00  Siege Tank  
  195  9:03  SCV x3  
  195  9:05  Command Center  
  198  9:15  SCV x2  
  200  9:26  Factory  
  200  9:29  Factory  
  200  9:32  Factory  
  195  9:48  Siege Tank x3  
  195  9:49  Hellion x4  
  150  10:10  Hellion x2  
  147  10:26  Factory Reactor  
  147  10:27  Factory Tech Lab  
  147  10:28  Factory Tech Lab  
Show
View Real Time Build Order
Export as new Build Order

seolhyun Zerg 

Build Orders: Hatch First 

Get SALT Encoding   

  12  0:01  Drone  
  13  0:13  Overlord  
  13  0:17  Drone  
  14  0:33  Drone x2  
  16  0:39  Drone  
  17  0:54  Hatchery  
  17  0:56  Drone  
  17  0:59  Drone  
  18  1:05  Extractor  
  18  1:08  Drone  
  18  1:19  Spawning Pool  
  18  1:20  Drone  
  18  1:30  Drone  
  19  1:39  Overlord  
  19  1:53  Drone  
  20  2:06  Metabolic Boost  
  20  2:08  Queen  
  22  2:09  Queen  
  22  2:10  Zergling x4  
  26  2:15  Drone  
  26  2:20  Drone  
  28  2:25  Drone  
  29  2:33  Drone  
  30  2:37  Drone  
  30  2:40  Overlord  
  30  2:43  Queen  
  33  2:53  Overlord  
  33  2:55  Drone x2  
  35  3:07  Drone x2  
  35  3:10  Drone  
  38  3:19  Drone x3  
  41  3:22  Drone x4  
  45  3:36  Hatchery  
  45  3:39  Drone x2  
  45  3:40  Extractor x2  
  44  3:50  Roach Warren  
  44  3:53  Drone x4  
  44  3:54  Drone x4  
  51  3:58  Overlord  
  51  4:20  Drone x4  
  51  4:22  Overlord  
  51  4:23  Extractor  
  54  4:24  Overlord  
  53  4:32  Roach x3  
  53  4:36  Lair  
  53  4:37  Overlord x2  
  61  4:45  Roach  
  61  4:46  Roach x2  
  61  4:48  Queen  
  61  4:49  Drone x2  
  69  4:57  Drone  
  70  5:03  Ravager x2  
  70  5:04  Ravager  
  70  5:05  Drone x5  
  70  5:06  Drone x3  
  81  5:17  Drone x3  
  84  5:26  Evolution Chamber  
  84  5:27  Evolution Chamber  
  82  5:33  Drone x6  
  82  5:34  Drone x3  
  90  5:43  Extractor  
  90  5:44  Extractor, Drone x4  
  90  5:46  Overseer  
  94  5:57  Roach x2  
  94  6:02  Zerg Missile Weapons Level 1  
  94  6:03  Zerg Ground Armor Level 1, Glial Reconstitution  
  96  6:04  Overlord x4  
  96  6:05  Overlord  
  96  6:25  Roach x5  
  106  6:26  Roach x3  
  106  6:31  Hatchery  
  115  6:32  Roach  
  115  6:33  Roach x7  
  115  6:34  Roach  
  115  6:38  Overlord  
  115  6:39  Infestation Pit  
  128  6:44  Overseer  
  128  6:50  Overlord x3  
  128  7:14  Ravager x4  
  128  7:15  Ravager x3  
  135  7:20  Extractor  
  134  7:25  Extractor  
  133  7:30  Drone x3  
  133  7:31  Drone x4  
  133  7:33  Pathogen Glands  
  133  7:35  Hive  
  140  7:54  Queen  
  140  7:55  Drone x4  
  140  7:56  Overlord x3  
  146  8:02  Zerg Missile Weapons Level 2, Zerg Ground Armor Level 2, Spore Crawler  
  145  8:19  Infestor x4  
  149  8:20  Infestor  
  149  8:24  Roach x5  
  149  8:25  Roach x3  
  149  8:27  Overlord x6  
  171  8:47  Hatchery  
  170  8:53  Ultralisk Cavern  
  169  9:00  Adrenal Glands  
  169  9:19  Ravager  
  169  9:20  Ravager x10  
  169  9:22  Overseer  
  178  9:29  Roach  
  178  9:30  Roach x9  
  156  9:57  Roach  
  156  9:58  Roach x19  
  156  9:59  Roach x4  
  150  10:15  Roach x2  
  150  10:16  Roach x7  
  150  10:17  Roach x2  
Tags
 
Add a new tag
Caveats
  • Supply blocks, unpowered buildings, or Contaminate may cause inaccurate times.
  • Supply counts are checked every 10 seconds.